 Dungeon Crawl Stone Soup version 0.24-a0-280-g7cec4da (webtiles) character file.

Game seed: 13698955038675211332

20 TheGoonsmith the Insei (level 2, -1/23 HPs)
             Began as a Merfolk Transmuter on May 1, 2019.
             Slain by a worker ant (7 damage)
             ... on level 2 of the Dungeon.
             The game lasted 00:01:48 (946 turns).

TheGoonsmith the Insei (Merfolk Transmuter)          Turns: 946, Time: 00:01:49

Health: -1/23      AC:  2    Str: 10    XL:     2   Next: 79%
Magic:  5/5        EV: 19    Int: 14    God:
Gold:   42         SH:  0    Dex: 21    Spells: 4/5 levels left

rFire    + . .     SeeInvis .     - Unarmed
rCold    + . .     Gourm    .   (no shield)
rNeg     . . .     Faith    .   b - +0 robe
rPois    +         Spirit   .   (helmet currently unavailable)
rElec    +         Reflect  .   (no cloak)
rCorr    +         Harm     .   (no gloves)
MR       .....                  (no boots)
Stlth    +++.......             (no amulet)
HPRegen  0.07/turn              (no ring)
MPRegen  0.09/turn              (no ring)

@: agile, lethally poisoned (-1 -> -8), appendage (expiring), resistant
A: change form in water, swift swim, stealthy swim, horns 3, agile 1, clever 1,
robust 1
a: End Transformation


You were on level 2 of the Dungeon.
You were not hungry.
You had grown temporary horns.
You visited 1 branch of the dungeon, and saw 2 of its levels.

You collected 42 gold pieces.

Inventory:

Missiles
 a - 29 arrows
Armour
 b - a +0 robe (worn)
Jewellery
 c - a cursed ring of teleportation {unknown}
Scrolls
 g - a scroll of immolation {unknown}
 k - a scroll of teleportation {unknown}
Comestibles
 d - a ration
 i - 2 chunks of flesh


   Skills:
 + Level 1.6 Fighting
 + Level 3.1 Dodging
 + Level 3.5 Unarmed Combat
 + Level 2.2 Spellcasting
 + Level 3.1 Transmutations


You had 4 spell levels left.
You knew the following spells:

 Your Spells              Type           Power        Failure   Level  Hunger
a - Beastly Appendage     Tmut           ##....       7%          1    #......

Your spell library contained the following spells:

 Spells                   Type           Power        Failure   Level  Hunger
 Sticks to Snakes         Tmut           ##......     10%         2    ###....
 Spider Form              Tmut/Pois      #.........   36%         3    ###....
 Ice Form                 Ice/Tmut       #.......     77%         4    #####..
 Blade Hands              Tmut           ##........   88%         5    ######.


Dungeon Overview and Level Annotations

Branches:
Dungeon (2/15)

Altars:


Innate Abilities, Weirdness & Mutations

You revert to your normal form in water You are very nimble and swift while swimming.
You are very stealthy in the water. (Stealth+)
You have a pair of large horns on your head.
You are agile. (Dex +2)
Your mind is acute. (Int +2)
You are robust. (+10% HP)


Message History

You closely miss the worker ant.
The worker ant is moderately wounded.
The worker ant bites you.
You are lethally poisoned!
The worker ant poisons you!
You hit the worker ant.
The worker ant is heavily wounded.
Your transformation is almost over.
You feel sick. The worker ant misses you.
You hit the worker ant but do no damage.
The worker ant is heavily wounded.
You feel sick. The worker ant completely misses you.
You hit the worker ant but do no damage.
The worker ant is heavily wounded.
The worker ant bites you.
You barely miss the worker ant.
The worker ant is heavily wounded.
* * * LOW HITPOINT WARNING * * *
You feel sick. The worker ant bites you!
You die...

.....a. #########
...!... #.......#
....... #.......#
.......###.......#
.................#
.......###.......#
....... #.......#
.%..... ##a#######....
.S...?# ##@#####......
.....# #..#..........#
####### #.#..#........#
#
#.<.#...##.##.....#####
#...#..###...........##
#......##..)#.....##...
#....#.#...##.....#....
..........#†##.......###
##......#..........### #


You could see a worker ant.

Vanquished Creatures
  A dart slug (D:2)
  2 goblins (D:2)
  2 hobgoblins (D:2)
  3 jackals (D:1)
  4 bats
  2 frilled lizards
  A kobold (D:1)
  3 rats (D:1)
18 creatures vanquished.

Notes
Turn   | Place    | Note
-------+----------+-------------------------------------------
     0 | D:1      | TheGoonsmith the Merfolk Transmuter began the quest for the
                  | Orb.
     0 | D:1      | Reached XP level 1. HP: 15/15 MP: 3/3
   318 | D:1      | Reached XP level 2. HP: 11/21 MP: 3/5
   936 | D:2      | Gained mutation: You are agile. (Dex +2) [potion of
                  | mutation]
   936 | D:2      | Gained mutation: You have a pair of large horns on your
                  | head. [potion of mutation]
   936 | D:2      | Gained mutation: You are robust. (+10% HP) [potion of
                  | mutation]
   936 | D:2      | Gained mutation: Your mind is acute. (Int +2) [potion of
                  | mutation]
   946 | D:2      | Slain by a worker ant

Levels and vault maps discovered:
D:1:      lemuel_arrival_hallway, layout_basic
D:2:      layout_rooms

Skill      XL: |  1  2 |
---------------+-------+-----
Dodging        | 3 |  3.1
Transmutations | 3 |  3.1
Fighting       | |  1.6
Unarmed Combat | |  3.5
Spellcasting   | |  2.2

Action                   || total
-------------------------++-------
Melee: Unarmed           ||    67
       Headbutt          ||     5
 Cast: Beastly Appendage ||    12
  Use: Potion            ||     5
Armor: Robe              ||    14
Dodge: Dodged            ||    59

Table legend:
 A = Non-vault XP
 B = Vault XP
 C = Vault XP percentage of total XP
 D = Non-vault monster count
 E = Vault monster count
 F = Vault count percentage of total count
                 A         B        C        D         E       F
            +---------+---------+-------+---------+---------+-------
      Total |      29 |       0 |   0.0 |      18 |       0 |   0.0
            +---------+---------+-------+---------+---------+-------
        D:1 |      13 |       0 |   0.0 |      10 |       0 |   0.0
        D:2 |      16 |       0 |   0.0 |       8 |       0 |   0.0
            +---------+---------+-------+---------+---------+-------
